 Dungeon Crawl Stone Soup version 0.25.1-8-g42b30a86e7 (webtiles) character file.

Game seed: 9498709169409937753

27444 Clowwww the Severer (level 13, 0/116 HPs)
             Began as a Hill Orc Fighter on Dec 2, 2020.
             Was a Priest of Ashenzari.
             Slain by a red devil
             ... wielding a +2 demon trident of flaming
             ... summoned by Frances
              (11 damage)
             ... on level 14 of the Dungeon.
             The game lasted 00:49:50 (14853 turns).

Clowwww the Severer (Hill Orc Fighter)             Turns: 14853, Time: 00:49:51

Health: 0/116      AC: 19    Str: 24    XL:     13   Next: 32%
Magic:  15/15      EV: 11    Int: 12    God:    Ashenzari [***...]
Gold:   665        SH: 27    Dex: 10    Spells: 10/12 levels left

rFire    . . .     SeeInvis +   D - +5 broad axe "Beetle's Foe" {venom, *Corrode +Rage rElec Int+4} (curse)
rCold    . . .     Gourm    .   M - +3 tower shield {AC+3} (curse)
rNeg     . . .     Faith    .   O - +0 acid dragon scales
rPois    .         Spirit   .   z - +1 helmet (curse)
rElec    +         Reflect  +   F - +0 cloak
rCorr    +         Harm     .   E - +1 pair of gloves "Qotzeig" {+Blink} (curse)
MR       +....                  N - +1 pair of boots
Stlth    +.........             i - amulet of reflection (curse)
HPRegen  0.29/turn              k - ring of flight
MPRegen  0.14/turn              q - ring of protection from magic

@: no status effects
A: no striking features
a: Curse Item, Scrying, Renounce Religion, Evoke Blink, Evoke Berserk Rage,
Evoke Flight


You were on level 14 of the Dungeon.
You worshipped Ashenzari.
Ashenzari was most pleased with you.
You were hungry.

You visited 1 branch of the dungeon, and saw 14 of its levels.
You also visited: Bailey.

You collected 935 gold pieces.
You spent 270 gold pieces at shops.

Inventory:

Hand Weapons
 D - the cursed +5 broad axe "Beetle's Foe" (weapon) {venom, *Corrode +Rage rElec Int+4}
   (You found it on level 8 of the Dungeon)

   It poisons the flesh of those it strikes.
   It affects your intelligence (+4).
   It insulates you from electricity.
   It lets you go berserk.
   It may corrode you when you take damage.
   It has a curse placed upon it.
 P - the +7 spear of Tiwnok {vorpal, +Blink rC++ MR+ Str+4}
   (You found it on level 11 of the Dungeon)

   It inflicts extra damage upon your enemies.
   It affects your strength (+4).
   It greatly protects you from cold.
   It affects your resistance to hostile enchantments.
   It lets you blink.
Missiles
 Q - 8 throwing nets (quivered)
Armour
 z - a cursed +1 helmet (worn)
 E - the cursed +1 pair of gloves "Qotzeig" (worn) {+Blink}
   (You found it on level 5 of the Dungeon)

   It lets you blink.
   It has a curse placed upon it.
 F - a +0 cloak (worn)
 M - a cursed +3 tower shield of protection (worn)
 N - a +1 pair of boots (worn)
 O - +0 acid dragon scales (worn)
Jewellery
 b - an uncursed ring of positive energy
 e - an uncursed amulet of faith
 g - an uncursed ring of wizardry
 i - a cursed amulet of reflection (around neck)
 k - a ring of flight (left hand)
 o - an uncursed ring of magical power
 q - a ring of protection from magic (right hand)
 v - an uncursed ring of protection from fire
 G - an uncursed ring of protection from magic
 U - an uncursed amulet of guardian spirit
Wands
 h - a wand of polymorph (19)
 j - a wand of random effects (16)
 x - a wand of acid (22)
 B - a wand of disintegration (15)
Scrolls
 a - a scroll of magic mapping
 m - 7 scrolls of teleportation
 n - 2 scrolls of amnesia
 H - 3 scrolls of blinking
 I - 4 scrolls of fear
 J - a scroll of fog
 S - 2 scrolls of identify
Potions
 d - 3 potions of curing
 p - a potion of cancellation
 s - 4 potions of flight
 t - 4 potions of brilliance
 u - a potion of haste
 w - a potion of resistance
 C - a potion of mutation {unknown}
 K - a potion of might
 L - 3 potions of stabbing
Miscellaneous
 r - a lightning rod (4/4)
Comestibles
 f - 17 rations


   Skills:
 + Level 11.3 Fighting
 + Level 17.3(19.6) Axes
 + Level 8.7 Armour
 + Level 4.7 Dodging
 - Level 1.0 Stealth
 + Level 12.0(13.6) Shields
 + Level 3.3 Evocations


You had 10 spell levels left.
You knew the following spells:

 Your Spells              Type           Power        Failure   Level  Hunger
a - Blink                 Tloc           N/A          95%         2    ###....

Your spell library contained the following spells:

 Spells                   Type           Power        Failure   Level  Hunger
 Animate Skeleton         Necr           N/A          86%         1    ##.....
 Magic Dart               Conj           #...         86%         1    ##.....
 Pain                     Necr           #...         86%         1    ##.....
 Call Imp                 Summ           #.......     95%         2    ###....
 Slow                     Hex            #.......     95%         2    ###....
 Confusing Touch          Hex            #.......     99%         3    ####...
 Conjure Flame            Conj/Fire      #.......     99%         3    ####...
 Gell's Gravitas          Tloc           #.........   99%         3    ####...
 Mephitic Cloud           Conj/Pois/Air  #.......     99%         3    ####...
 Vampiric Draining        Necr           #.........   99%         3    ####...
 Animate Dead             Necr           N/A          100%        4    #####..
 Petrify                  Tmut/Erth      #.......     100%        4    #####..
 Agony                    Necr           #.......     100%        5    ######.
 Irradiate                Conj/Tmut      #.........   100%        5    ######.
 Metabolic Englaciation   Hex/Ice        #.........   100%        5    ######.
 Yara's Violent Unravell  Hex/Tmut       #.........   100%        5    ######.
 Hydra Form               Tmut           #.........   100%        6    #######
 Statue Form              Tmut/Erth      #........    100%        6    #######
 Dragon Form              Tmut           #.........   100%        7    #######


Dungeon Overview and Level Annotations

Branches:
Dungeon (14/15)            Temple (0/1) D:7            Lair (0/6) D:10
    Orc (0/2) D:11         Vaults (0/5) D:14         Bailey (visited)

Altars:
Ashenzari
Dithmenos
Elyvilon
Fedhas
Hepliaklqana
Nemelex Xobeh
Okawaru
Qazlal
Ru
Sif Muna
Uskayaw
Xom
Yredelemnul

Shops:
D:4 !?%??

Annotations:
D:14 Frances


Message History

Frances whispers indecipherable words.
The sixfirhy barely misses you.
Frances chants phrases taken from a devil's mouth.
The sixfirhy closely misses you. You block the sixfirhy's attack.
Frances mutters in a terrible tongue.
The iron shot hits you!!
* * * LOW HITPOINT WARNING * * *
You feel better.
The sixfirhy hits you but does no damage.
The sixfirhy misses you. The sixfirhy barely misses you.
You block Frances's attack. You block the red devil's attack.
You hit Frances.
Frances is almost dead.
You barely miss the sixfirhy. You completely miss the rust devil.
Frances hits you but does no damage. You block the rust devil's attack.
Your shield prevents you from hitting Frances.
Frances is almost dead.
You miss the sixfirhy. You slash the rust devil! You block Frances's attack.
The red devil hits you from afar with a +2 demon trident of flaming!
You die...

..≈.....≈≈≈..#.# ........≈≈≈...#
,, .............# ,,
.............# , .............##
### * , ..........#.#.###.... * ,
..........4#.#.#..... #
......#...4@#..#.....### #
......###.3@...##....#.## ##
,...... ###...#.##..#.#.###. ,
..... * #..#............#. ≈,
..≈≈≈ ** ##.#.............. ..≈≈
, ##.#........#.... , *
#...........#... ..........##.
#....#.#######.#
............######....#.#{....#.#
....[......#..........#.#.#.#.#.#


You could see Frances (fast, extremely poisoned), a rust devil (summoned), a
sixfirhy (summoned) and a red devil (summoned).

Vanquished Creatures
  2 hydras
  2 two-headed ogres
  A centaur warrior (D:14)
  The ghost of Alannah the Fighter, a novice DrWn of Sif Muna (D:8)
  2 unseen horrors
  2 deep elf magi
  5 ugly things
  A cyclops (D:14)
  3 manticores
  An elephant (D:10)
  2 centaur zombies
  A molten gargoyle (D:13)
  Joseph (D:10)
  A gargoyle (D:11)
  4 trolls
  A queen bee (D:13)
  A hornet (D:8)
  A harpy skeleton (D:14)
  6 meliai
  A hippogriff (D:11)
  7 slime creatures
  A meliai zombie (D:11)
  A shadow (D:11)
  A wraith (D:13)
  9 yaks
  A basilisk (D:10)
  6 hungry ghosts
  An acid dragon (D:10)
  A soldier ant (D:12)
  Duvessa (D:6)
  4 ice beasts
  5 orc warriors
  3 black bears
  4 necrophages
  2 sky beasts
  4 ogres
  4 phantoms
  13 centaurs
  3 crocodiles
  A big kobold (D:11)
  8 bullfrogs
  9 gnoll sergeants
  A wyvern skeleton (D:9)
  3 scorpions
  Dowan (D:6)
  11 killer bees (D:13)
  3 troll zombies (D:11)
  4 wights (D:6)
  4 electric eels (D:11)
  3 howler monkeys
  A quasit (D:12)
  9 crimson imps
  2 bullfrog zombies (D:5)
  3 bullfrog skeletons
  4 orc priests
  6 centaur skeletons
  6 gnoll shamans (Bailey)
  6 hounds
  5 jellies
  5 iguanas
  7 orc wizards
  10 worker ants
  3 ogre zombies (D:11)
  A hound skeleton (D:9)
  18 gnolls
  9 adders
  A howler monkey skeleton (D:4)
  3 shadow imps
  6 oozes
  3 worms
  An adder skeleton (D:6)
  2 dart slugs
  3 leopard geckos
  27 orcs
  5 giant cockroaches
  8 goblins
  4 hobgoblins
  9 jackals
  2 quokkas
  3 ball pythons
  4 bats
  A frilled lizard (D:1)
  2 goblin skeletons (D:11)
  2 goblin zombies (D:11)
  A hobgoblin zombie (D:11)
  2 jackal skeletons
  7 kobolds
  A leopard gecko skeleton (D:5)
  2 orc skeletons (D:11)
  12 orc zombies (D:11)
  A quokka skeleton (D:4)
  A quokka zombie (D:8)
  3 rats
  A plant (D:11)
370 creatures vanquished.

Vanquished Creatures (others)
  2 kobolds (D:11)
  5 plants
7 creatures vanquished.

Grand Total: 377 creatures vanquished

Notes
Turn   | Place    | Note
-------+----------+-------------------------------------------
     0 | D:1      | Clowwww the Hill Orc Fighter began the quest for the Orb.
     0 | D:1      | Reached XP level 1. HP: 19/19 MP: 1/1
   222 | D:1      | Reached XP level 2. HP: 27/27 MP: 2/2
   502 | D:1      | Reached skill level 3 in Axes
   967 | D:2      | Found a shimmering altar of Xom.
  1005 | D:2      | Reached XP level 3. HP: 28/33 MP: 3/3
  1235 | D:2      | Found a shimmering blue altar of Sif Muna.
  1363 | D:3      | Reached XP level 4. HP: 40/40 MP: 4/4
  1423 | D:3      | Reached skill level 4 in Axes
  1832 | D:3      | Found a sparkling altar of Nemelex Xobeh.
  2202 | D:4      | Found Mojuvenk's Food Emporium.
  2275 | D:4      | Reached XP level 5. HP: 41/46 MP: 5/5
  2322 | D:4      | Found Donychiv's Magic Scroll Shop.
  2383 | D:4      | Reached skill level 5 in Axes
  2435 | D:4      | Found Feos's Magic Scroll Shoppe.
  2443 | D:4      | Bought a scroll of remove curse for 33 gold pieces
  2443 | D:4      | Bought a scroll of remove curse for 33 gold pieces
  2443 | D:4      | Bought a scroll of remove curse for 33 gold pieces
  2443 | D:4      | Bought a scroll of identify for 22 gold pieces
  2563 | D:4      | Found Faolal's Magic Scroll Shoppe.
  2588 | D:4      | Reached skill level 1 in Dodging
  2588 | D:4      | Reached XP level 6. HP: 44/52 MP: 6/6
  2594 | D:4      | Bought a scroll of identify for 24 gold pieces
  2594 | D:4      | Bought a scroll of remove curse for 36 gold pieces
  2594 | D:4      | Bought a scroll of identify for 24 gold pieces
  2970 | D:4      | You fall into a shaft and drop 3 floors!
  2983 | D:7      | Noticed a phantom
  3008 | D:7      | Killed a phantom
  3008 | D:7      | Reached skill level 5 in Shields
  3144 | D:6      | Noticed an orc warrior
  3153 | D:6      | Reached XP level 7. HP: 36/60 MP: 7/7
  3167 | D:6      | Reached skill level 6 in Axes
  3763 | D:6      | Noticed Duvessa
  3764 | D:6      | Noticed Dowan
  3774 | D:6      | Killed Dowan
  3774 | D:6      | Reached skill level 7 in Axes
  3776 | D:6      | Killed Duvessa
  3776 | D:6      | Reached XP level 8. HP: 62/67 MP: 8/8
  3866 | D:6      | Reached skill level 5 in Fighting
  4222 | D:5      | Entered Level 5 of the Dungeon
  4269 | D:5      | Reached skill level 8 in Axes
  4269 | D:5      | Reached skill level 5 in Armour
  4316 | D:5      | Reached skill level 1 in Stealth
  4436 | D:5      | Found a hide-covered altar of Uskayaw.
  4476 | D:4      | Found Egypruff's Distillery.
  4483 | D:4      | Bought a potion of heal wounds for 65 gold pieces
  4579 | D:4      | Found a white marble altar of Elyvilon.
  4713 | D:4      | Found a basalt altar of Yredelemnul.
  4855 | D:5      | Got a pair of polished gloves
  4861 | D:5      | Identified the +1 pair of gloves "Qotzeig" {+Blink} (You
                  | found it on level 5 of the Dungeon)
  5279 | D:5      | Found a shattered altar of Ashenzari.
  5283 | D:5      | Became a worshipper of Ashenzari the Shackled
  5299 | D:5      | Found a sacrificial altar of Ru.
  5546 | D:7      | Reached skill level 1 in Evocations
  5546 | D:7      | Reached XP level 9. HP: 73/75 MP: 9/9
  5654 | D:7      | Reached skill level 9 in Axes
  6254 | D:7      | Found a blossoming altar of Fedhas.
  6358 | D:7      | Found a staircase to the Ecumenical Temple.
  6378 | D:7      | Learned a level 2 spell: Blink
  6822 | D:8      | Reached * piety under Ashenzari
  6822 | D:8      | Found a runed translucent gate.
  6822 | D:8      | Found a runed translucent gate.
  6824 | D:8      | Found a runed translucent gate.
  6824 | D:8      | Noticed an 11-headed hydra
  6824 | D:8      | Noticed Alannah's ghost (novice DrWn)
  6825 | D:8      | Identified the +5 broad axe "Beetle's Foe" {venom, *Corrode
                  | +Rage rElec Int+4}
  6854 | D:8      | Noticed a hornet
  6858 | D:8      | Paralysed by a hornet for 1 turns
  6872 | D:8      | Killed a hornet
  7117 | D:8      | Found a shattered altar of Ashenzari.
  7277 | D:8      | Found a hazy altar of Hepliaklqana.
  7278 | D:8      | Found a stormy altar of Qazlal.
  7558 | D:8      | Killed an 11-headed hydra
  7558 | D:8      | Reached skill level 10 in Axes
  7567 | D:8      | Killed Alannah's ghost
  7567 | D:8      | Reached XP level 10. HP: 37/86 MP: 10/12
  7859 | D:9      | Found a shadowy altar of Dithmenos.
  7967 | D:9      | Reached skill level 11 in Axes
  8222 | D:9      | Found an iron altar of Okawaru.
  8604 | D:10     | Entered Level 10 of the Dungeon
  8653 | D:10     | Found an iron altar of Okawaru.
  8659 | D:10     | Reached skill level 12 in Axes
  8739 | D:10     | Noticed Joseph
  8753 | D:10     | Killed Joseph
  8753 | D:10     | Reached XP level 11. HP: 55/95 MP: 13/13
  8922 | D:10     | Found a staircase to the Lair.
  8922 | D:10     | Noticed a two-headed ogre
  8934 | D:10     | Killed a two-headed ogre
  8934 | D:10     | Reached skill level 13 in Axes
  9217 | D:10     | Reached ** piety under Ashenzari
  9929 | D:11     | Found a flagged portal.
  9939 | D:11     | Reached skill level 14 in Axes
  9948 | D:11     | Got the spear of Tiwnok {vorpal, +Blink rC++ MR+ Str+4}
  9953 | Bailey   | Entered a bailey
 10338 | Bailey   | Reached skill level 10 in Shields
 10551 | D:11     | Found a staircase to the Orcish Mines.
 11219 | D:11     | Reached *** piety under Ashenzari
 11228 | D:11     | Noticed a manticore
 11234 | D:11     | Killed a manticore
 11234 | D:11     | Reached XP level 12. HP: 104/106 MP: 14/14
 11265 | D:11     | Reached skill level 15 in Axes
 11985 | D:12     | Noticed a two-headed ogre
 11990 | D:12     | Killed a two-headed ogre
 11990 | D:12     | Reached skill level 10 in Fighting
 12014 | D:12     | Identified the +7 spear of Tiwnok {vorpal, +Blink rC++ MR+
                  | Str+4} (You found it on level 11 of the Dungeon)
 12146 | D:12     | Identified a scroll of acquirement
 12146 | D:12     | Acquired a cursed +2 tower shield of protection
 13127 | D:13     | Reached skill level 16 in Axes
 13143 | D:13     | HP: 2/107 [meliai/+0 war axe (12)]
 14057 | D:14     | Reached XP level 13. HP: 25/115 MP: 15/15
 14460 | D:14     | Reached skill level 17 in Axes
 14461 | D:14     | Found a gate to the Vaults.
 14832 | D:14     | Noticed Frances
 14850 | D:14     | HP: 5/116 [Frances/iron shot (25)]
 14853 | D:14     | Slain by a red devil

Illustrated notes

Levels and vault maps discovered:
D:1:      psy_arrival_whirlpool, layout_basic
D:2:      layout_basic, lemuel_coloured_pillars_altar, xom_butterflies,
          kennysheep_boxes
D:3:      layout_loops_corners, old_standard_altar
D:4:      layout_cave_pods, kennysheep_ying_yang, serial_shops, shop, shop,
          shop, shop, nicolae_shop_trees, first_ration
D:5:      layout_loops_ring, amethyst_overflow_temple_binary,
          eat_drink_and_be_merry_uskayaw
D:6:      layout_basic, kennysheep_nub, uniq_duvessa
D:7:      layout_layer_cave, kennysheep_mini, minmay_temple_entry_offerings
D:8:      layout_loops_ring, chequers_temple_overflow_statue_of_worship,
          gammafunk_ghost_hydra_chop, basic_altar
D:9:      layout_rooms, old_standard_altar, grunt_dithmenos_shadows
D:10:     layout_roguey, david_lair_generic, basic_altar, uniq_joseph
D:11:     layout_grid_maze, zombieorc1_lemuel, serial_bayou,
          serial_bayou_pond_e, serial_bayou_lake_a, serial_bayou_ford_a,
          serial_bayou_lagoon_a, enter_bailey_2
D:12:     layout_rooms, hangedman_little_slice_of_home
D:13:     layout_long_grid, kennysheep_cross_bottleneck,
          nicolae_looking_at_the_future
D:14:     layout_big_octagon, minmay_misc_feat_ornament, uniq_frances

Skill      XL: |  1  2  3  4  5  6  7  8  9 10 11 12 13 |
---------------+----------------------------------------+-----
Axes           | 3 4 5 7 8 10 12 14 16 17 | 17.3
Fighting       | 4 5 7 8 9 10 11 | 11.3
Shields        | 4 5 6 8 9 10 11 12 | 12.0
Armour         | 4 5 7 8 |  8.7
Dodging        | 1 2 3 4 |  4.7
Stealth        | 1 |  1.0
Evocations     | 1 2 3 |  3.3

Action                   |  1- 3 |  4- 6 |  7- 9 | 10-12 | 13-15 || total
-------------------------+-------+-------+-------+-------+-------++-------
Melee: War axe           |    83 |   141 |   420 |       |       ||   644
       Broad axe         |       |       |       |   516 |    79 ||   595
Invok: Curse Item        |       |       |     5 |     1 |       ||     6
Evoke: Wand              |       |       |    12 |     1 |       ||    13
       Lightning rod     |       |       |       |     1 |       ||     1
  Use: Scroll            |       |    12 |     7 |    10 |     1 ||    30
       Potion            |       |       |     6 |     6 |     3 ||    15
 Stab: Sleeping          |       |       |       |     1 |       ||     1
  Eat: Chunk             |     2 |     5 |     6 |    20 |     3 ||    36
       Ration            |       |       |     3 |     2 |       ||     5
Armor: Scale mail        |    28 |    49 |   111 |    40 |       ||   228
       Acid dragon scale |       |       |       |   115 |    28 ||   143
Dodge: Dodged            |    19 |    25 |    85 |   164 |    23 ||   316
Block: Kite shield       |    53 |   136 |   329 |   445 |       ||   963
       Reflection        |       |       |     1 |    17 |    11 ||    29
       Tower shield      |       |       |       |    16 |   100 ||   116
